 Dungeon Crawl Stone Soup version 0.18.1-48-g4cf74bf (webtiles) character file.

172 Gargoyl the Skirmisher (level 5, 0/42 HPs)
             Began as a Demonspawn Abyssal Knight on Sept 4, 2016.
             Was a Believer of Lugonu.
             Killed from afar by flt's ghost (6 damage)
             ... with a puff of frost
             ... on level 3 of the Dungeon.
             The game lasted 00:04:55 (2926 turns).

Gargoyl the Skirmisher (Demonspawn Abyssal Knight)  Turns: 2926, Time: 00:04:55

Health: 0/42       AC:  9    Str: 14    XL:     5   Next: 27%
Magic:  7/7        EV:  7    Int: 13    God:    Lugonu [**....]
Gold:   137        SH:  0    Dex: 16    Spells: 0 memorised, 4 levels left

rFire  + . .     SeeInvis .     a - +1 hand axe
rCold  . . .     Gourm    .     g - +0 chain mail {rF+}
rNeg   . . .     Faith    .     (no shield)
rPois  .         Spirit   .     (no helmet)
rElec  .         Dismiss  .     (no cloak)
rCorr  .         Reflect  .     (no gloves)
SustAt .         Harm     .     (no boots)
MR     .....                    (no amulet)
Stlth  ..........               (no ring)
                                d - +4 ring of dexterity

@: not resistant to hostile enchantments, extremely unstealthy
A: talons 1, powered by death 1
a: Depart the Abyss, Bend Space, Renounce Religion


You were on level 3 of the Dungeon.
You worshipped Lugonu.
Lugonu was pleased with you.
You were not hungry.

You visited 1 branch of the dungeon, and saw 4 of its levels.
You visited the Abyss 1 time.

You collected 137 gold pieces.

Inventory:

Hand Weapons
 a - a +1 hand axe (weapon)
Armour
 g - a +0 chain mail of fire resistance (worn)
Jewellery
 d - a +4 ring of dexterity (left hand)
Scrolls
 i - 3 scrolls of identify
 n - a scroll of amnesia {unknown}
 o - a scroll of enchant armour {unknown}
Potions
 b - a potion of invisibility
 h - a potion of haste {unknown}
 j - a potion of resistance {unknown}
 l - 2 potions of agility {unknown}
 m - a potion of brilliance {unknown}
Comestibles
 c - 3 bread rations
 f - a beef jerky
 k - 3 fruits


   Skills:
 + Level 4.0 Fighting
 + Level 2.8 Axes
 + Level 3.0 Armour
 + Level 2.0 Dodging
 + Level 2.7 Invocations


You had 4 spell levels left.
You didn't know any spells.

Dungeon Overview and Level Annotations

Branches:
Dungeon (4/15)
 Temple: D:4-7

Altars:

Annotations:
D:3 flt's ghost, amateur MfIE


Innate Abilities, Weirdness & Mutations

You have sharp toenails.
You regenerate a little health from kills.


Message History

Things that are here:
a hand axe; a scale mail Your chain mail prevents you from hitting flt's ghost.
Your kick misses flt's ghost. Flt's ghost casts a spell at you.
You are frozen.
Your chain mail prevents you from hitting flt's ghost.
Your kick misses flt's ghost. Flt's ghost hits you!
You hit flt's ghost.
Flt's ghost is lightly damaged.
Flt's ghost hits you. x2
* * * LOW HITPOINT WARNING * * *
You closely miss flt's ghost. Your kick misses flt's ghost.
Flt's ghost is lightly damaged.
Flt's ghost hits you.
* * * LOW HITPOINT WARNING * * *
You feel less regenerative.
Flt's ghost points at you and mumbles some strange words.
The puff of frost hits you!
You die...

#.# #... ######.###...
#.......#....
#.......#....
###......)..... ###
##...<.......... #...
###..####...(.....
#.#..#.)W#####.."......
#.....@................
#...#..#######..>..####
.... ##.. ..........# #
... ###...........####
.. ............... .
.........#####
.........# # ........>.
#. ..........(...


You could see flt's ghost.

Vanquished Creatures
  A giant frog skeleton (D:4)
  Terence (D:3)
  5 adders
  2 oozes
  2 worms
  A dart slug (D:3)
  2 giant geckos
  An orc (D:4)
  2 ball pythons
  6 bats
  3 giant cockroaches
  5 goblins
  6 hobgoblins
  4 jackals (D:3)
  4 kobolds
  7 giant newts
  6 rats
58 creatures vanquished.

Vanquished Creatures (others)
  A ball python (D:3)
1 creature vanquished.

Grand Total: 59 creatures vanquished

Notes
Turn   | Place    | Note
--------------------------------------------------------------
     0 | Abyss:1  | Gargoyl the Demonspawn Abyssal Knight began the quest for the Orb.
     0 | Abyss:1  | Reached XP level 1. HP: 18/18 MP: 2/2
    45 | Abyss:1  | Found a corrupted altar of Lugonu.
   133 | Abyss:1  | Noticed a black mamba zombie
   163 | D:1      | Escaped the Abyss
   470 | D:1      | Reached * piety under Lugonu
   470 | D:1      | Reached skill level 1 in Dodging
   470 | D:1      | Gained mutation: You have sharp toenails. [demonic ancestry]
   470 | D:1      | Reached XP level 2. HP: 17/24 MP: 4/4
  1219 | D:2      | Reached XP level 3. HP: 21/29 MP: 5/5
  1652 | D:2      | Reached ** piety under Lugonu
  1656 | D:2      | Reached XP level 4. HP: 35/35 MP: 6/6
  2383 | D:3      | Noticed flt's ghost (amateur MfIE)
  2792 | D:3      | Gained mutation: You regenerate a little health from kills. [demonic ancestry]
  2792 | D:3      | Reached XP level 5. HP: 35/42 MP: 7/7
  2897 | D:3      | Noticed Terence
  2918 | D:3      | Killed Terence
  2918 | D:3      | Reached skill level 4 in Fighting
  2926 | D:3      | Killed from afar by flt's ghost

Skill      XL: |  1  2  3  4  5 |
---------------+----------------+-----
Axes           | 2 |  2.8
Dodging        | 1 2 |  2.0
Armour         | 2 3 |  3.0
Fighting       | 4 |  4.0
Invocations    | |  2.7

Action                   |  1- 3 |  4- 6 || total
-------------------------+-------+-------++-------
Melee: Hand axe          |    93 |   101 ||   194
       Kick              |    14 |    30 ||    44
Invok: Depart the Abyss  |     1 |       ||     1
  Use: Scroll            |     1 |     3 ||     4
  Eat: Chunk             |     2 |     5 ||     7
Armor: Leather armour    |     8 |       ||     8
       Chain mail        |    55 |   106 ||   161
Dodge: Dodged            |    50 |    39 ||    89
